 Dungeon Crawl Stone Soup version 0.26-a0-651-gb41185065b (webtiles) character file.

Game seed: 3820546666592631204

907 Flugslaktarn the Chopper (level 7, -2/68 HPs)
             Began as a Deep Dwarf Fighter on Oct 26, 2020.
             Splashed by a jelly's acid (7 damage)
             ... on level 6 of the Dungeon.
             The game lasted 00:01:16 (1464 turns).

Flugslaktarn the Chopper (Deep Dwarf Fighter)       Turns: 1464, Time: 00:01:17

Health: -2/68      AC: -4    Str: 15    XL:     7   Next: 81%
Magic:  4/4        EV:  5    Int:  9    God:
Gold:   136        SH:  8    Dex: 14    Spells: 6/6 levels left

rFire    . . .     SeeInvis .   a - +0 war axe
rCold    . . .     Faith    .   c - +0 kite shield
rNeg     . . .     Spirit   .   i - +0 chain mail
rPois    +         Reflect  .   (no helmet)
rElec    .         Harm     .   d - +1 cloak of Dyspraxia {Rampage *Drain rPois Str-4}
rCorr    .         Rampage  +   (no gloves)
MR       +....                  (no boots)
Stlth    ..........             (no amulet)
HPRegen  0.00/turn              (no ring)
MPRegen  0.09/turn              (no ring)

@: corroded, non-regenerating, lightly drained
A: damage resistance, heal wounds, sense surroundings 1, no regeneration
a: Heal Wounds


You were on level 6 of the Dungeon.
You visited 1 branch of the dungeon, and saw 6 of its levels.

You collected 136 gold pieces.

Inventory:

Hand Weapons
 a - a +0 war axe (weapon)
Armour
 b - a +0 scale mail
 c - a +0 kite shield (worn)
 d - the +1 cloak of Dyspraxia (worn) {Rampage *Drain rPois Str-4}
   (You found it on level 5 of the Dungeon)

   It affects your strength (-4).
   It protects you from poison.
   It causes draining when unequipped.
   It bestows one free step when moving towards enemies.
 i - a +0 chain mail (worn)
   (You took it off an orc on level 4 of the Dungeon)
Scrolls
 h - 2 scrolls of enchant armour {unknown}
 j - 2 scrolls of identify {unknown}
 k - 2 scrolls of remove curse {unknown}
 l - a scroll of amnesia {unknown}
Potions
 e - 2 potions of berserk rage {unknown}
 g - a potion of brilliance {unknown}
 m - a potion of magic {unknown}
 q - a potion of curing


   Skills:
 * Level 5.6(5.2) Fighting
 * Level 6.3(5.8) Axes
 + Level 5.2(4.8) Armour
 + Level 2.3(1.9) Dodging
 - Level 3.2(2.9) Shields


You had 6 spell levels left.
You didn't know any spells.
Your spell library was empty.

Dungeon Overview and Level Annotations

Branches:
Dungeon (6/15)
 Temple: D:4-7

Altars:
Gozag
The Shining One


Innate Abilities, Weirdness & Mutations

You are resistant to damage.
You can heal yourself by infusing magical energy.
You passively map a small area around you.
You do not regenerate.


Message History

The orc hits you but does no damage. You block the jelly's attack.
You hit the bullfrog.
You kill the bullfrog!
You miss something. You slash the bullfrog! You hit the jelly.
Your hands burn!
You block the bullfrog's attack. You block the wight's attack.
You block the orc's attack. The jelly hits you. The acid corrodes you!
You are splashed with acid!
The bullfrog hits you!
You closely miss the bullfrog.
The bullfrog is severely wounded.
You barely miss something. You slash the jelly! The acid corrodes you!
Your hands burn!
An orc wizard appears from thin air!
Reactivating autopickup.
The orc wizard casts a spell at you. You resist with almost no effort.
You block the bullfrog's attack.
The wight hits you from afar with a cursed +3 halberd!
* * * LOW HITPOINT WARNING * * *
You feel drained.
* * * LOW HITPOINT WARNING * * *
The jelly hits you.
You are splashed with acid!
You die...

, , * , *. .... * ,
...... * ** , ##......
#. ##.#.....* ##.*
.$...... . * #
#..##.......... ##.
...##J.......[ * #...#
,##.#@Fz....... *
......##...oo##......
,
..##..<....o)#J.....,
*
,..>....(.((.$........
, *
......#.......)..$...
*
.....###.#...........
,, .....
#............. ....
,............... ,
.##,,................


You could see a bullfrog, a jelly, a wight, an orc wizard and 2 orcs.

Vanquished Creatures
  Prince Ribbit (D:5)
  Edmund (D:4)
  A sky beast (D:5)
  An ogre (D:4)
  2 centaurs
  A bullfrog (D:6)
  2 orc priests (D:4)
  3 orc wizards
  2 adders
  A shadow imp (D:4)
  A white imp (D:5)
  A dart slug (D:2)
  3 leopard geckos
  12 orcs
  A bat (D:1)
  5 giant cockroaches
  3 hobgoblins
  A kobold (D:3)
  3 quokkas
  2 frilled lizards
  2 rats (D:3)
49 creatures vanquished.

Notes
Turn   | Place    | Note
-------+----------+-------------------------------------------
     0 | D:1      | Flugslaktarn the Deep Dwarf Fighter began the quest for the
                  | Orb.
     0 | D:1      | Reached XP level 1. HP: 20/20 MP: 1/1
   157 | D:2      | Reached XP level 2. HP: 26/28 MP: 2/2
   192 | D:2      | Found a glowing golden altar of the Shining One.
   324 | D:4      | Noticed Edmund
   338 | D:4      | Reached skill level 3 in Axes
   338 | D:4      | Reached XP level 3. HP: 27/34 MP: 3/3
   367 | D:4      | Killed Edmund
   367 | D:4      | Reached skill level 4 in Axes
   367 | D:4      | Reached XP level 4. HP: 44/44 MP: 2/2
   367 | D:4      | Reached XP level 5. HP: 50/50 MP: 3/3
   613 | D:4      | Noticed an ogre
   620 | D:4      | Killed an ogre
   620 | D:4      | Reached XP level 6. HP: 31/58 MP: 4/4
   776 | D:5      | Entered Level 5 of the Dungeon
   882 | D:5      | Found an opulent altar of Gozag.
   937 | D:5      | Noticed Prince Ribbit
   955 | D:5      | Killed Prince Ribbit
   955 | D:5      | Reached skill level 5 in Fighting
   955 | D:5      | Reached skill level 5 in Axes
   955 | D:5      | Reached skill level 1 in Dodging
   955 | D:5      | Reached XP level 7. HP: 46/67 MP: 5/5
  1251 | D:5      | Reached skill level 5 in Armour
  1416 | D:5      | Got an ancient cloak
  1422 | D:5      | Identified the +1 cloak of Dyspraxia {Rampage *Drain rPois
                  | Str-4} (You found it on level 5 of the Dungeon)
  1449 | D:6      | Reached skill level 6 in Axes
  1464 | D:6      | Splashed by a jelly's acid

Illustrated notes

Levels and vault maps discovered:
D:1:      dpeg_arrival_fog, layout_basic, minmay_cupped
D:2:      layout_loops_ring, tso_oasis_becter
D:3:      layout_basic, chequers_temple_overflow_minitemple, lemuel_round_altar,
          gup_sewer_entry_pipe
D:4:      layout_rooms, uniq_edmund
D:5:      layout_loops_ring, st_stairs_4, grunt_gozag_statues,
          uniq_prince_ribbit1
D:6:      layout_layer_cave, minmay_bent

Skill      XL: |  1  2  3  4  5  6  7 |
---------------+----------------------+-----
Fighting       | 3 4 5 |  5.6
Axes           | 3 4 5 6 |  6.3
Armour         | 4 5 |  5.2
Dodging        | 1 2 |  2.3
Shields        | |  3.2

Action                   |  1- 3 |  4- 6 |  7- 9 || total
-------------------------+-------+-------+-------++-------
Melee: War axe           |    72 |    67 |    40 ||   179
 Abil: Heal Wounds       |     4 |     3 |     3 ||    10
  Use: Potion            |       |     1 |     1 ||     2
Armor: Scale mail        |    33 |     3 |       ||    36
       Chain mail        |       |    36 |    57 ||    93
Dodge: Dodged            |    33 |     8 |    19 ||    60
Block: Kite shield       |    55 |    31 |    36 ||   122

Table legend: (Time is in decaauts)
 A = Elapsed time spent in this place.
 B = Non-inter-level travel time spent in this place.
 C = Inter-level travel time spent in this place.
 D = Time resting spent in this place.
 E = Time spent auto-exploring this place.
 F = Levels seen in this place.
 G = Mean time per level.
                   A        B        C        D        E       F      G
               +--------+--------+--------+--------+--------+-----+--------+
         Total |   1531 |   1428 |    103 |      0 |    999 |   6 |  255.2 |
       Dungeon |   1531 |   1428 |    103 |      0 |    999 |   6 |  255.2 |
               +--------+--------+--------+--------+--------+-----+--------+

Top non-repeatable levels by time:
     D:5: 677 daAuts
     D:4: 496 daAuts
     D:2: 162 daAuts
     D:1: 94 daAuts
     D:3: 71 daAuts
     D:6: 28 daAuts
